 Dungeon Crawl Stone Soup version 0.28.0-53-g5a82cb258f (webtiles) character file.

Game seed: 17846135524831571560

4180 ILmort the Geomancer (level 10, -3/64 HPs)
             Began as a Gargoyle Earth Elementalist on Aug 7, 2022.
             Was a Believer of Elyvilon.
             Slain by an orc warrior
             ... wielding a +0 short sword of protection
              (8 damage)
             ... on level 7 of the Dungeon.
             The game lasted 00:43:05 (9116 turns).

ILmort the Geomancer (Gargoyle Earth Elementalist)  Turns: 9116, Time: 00:43:06

Health: -3/64      AC:  7    Str: 20    XL:     10   Next: 28%
Magic:  20/20      EV: 13    Int: 26    God:    Elyvilon [**....]
Gold:   393        SH:  0    Dex: 10    Spells: 11/23 levels left

rFire   + . .      SeeInvis .   z - +5 spear
rCold   + . .      Faith    .   (no shield)
rNeg    + . .      Spirit   .   j - +3 leather armour
rPois   ∞          Reflect  .   B - +0 helmet
rElec   +          Harm     .   (no cloak)
rCorr   +          Rampage  .   (no gloves)
Will    .....                   v - +0 pair of boots
Stlth   ++........              b - amulet "Egrasof" {RegenMP Int+2}
HPRegen 0.20/turn               g - +6 ring of intelligence
MPRegen 0.57/turn               l - +6 ring of strength

@: resistant, corroded, hasted, very quick
A: sickness immunity, AC +7, negative energy resistance 1, electricity
resistance, torment resistance 1, petrification resistance
a: Renounce Religion, Purification, Heal Other


You were on level 7 of the Dungeon.
You worshipped Elyvilon.
Elyvilon was pleased with you.
You visited 1 branch of the dungeon, and saw 7 of its levels.

You collected 393 gold pieces.

Inventory:

Hand Weapons
 f - a +1 whip of venom
 z - a +5 spear (weapon)
Missiles
 a - 6 poisoned darts (quivered)
 c - 28 stones
 r - a throwing net
Armour
 j - a +3 leather armour (worn)
 v - a +0 pair of boots (worn)
 B - a +0 helmet (worn)
 C - +0 steam dragon scales
Magical Staves
 e - a staff of cold
Jewellery
 b - the amulet "Egrasof" (around neck) {RegenMP Int+2}
   (You found it on level 3 of the Dungeon)

   [amulet of magic regeneration]

   It increases your rate of magic regeneration.
   Int:       It affects your intelligence (+2).
 g - a +6 ring of intelligence (left hand)
 l - a +6 ring of strength (right hand)
 n - a ring of wizardry
 t - a ring of willpower
 A - a +6 ring of intelligence
Wands
 d - a wand of acid (11)
 y - a wand of flame (18)
Scrolls
 h - 9 scrolls of identify
 p - 2 scrolls of fog
 D - a scroll of enchant weapon
Potions
 i - a potion of curing
 k - a potion of berserk rage
 o - a potion of resistance
 q - 2 potions of ambrosia {unknown}
 s - a potion of might {unknown}
 u - 2 potions of mutation {unknown}
 w - 2 potions of brilliance


   Skills:
 + Level 7.8 Fighting
 + Level 6.3 Dodging
 - Level 2.3 Stealth
 + Level 7.0 Spellcasting
 - Level 0.9 Transmutations
 + Level 9.5 Earth Magic


You had 11 spell levels left.
You knew the following spells:

 Your Spells              Type           Power      Damage    Failure   Level
a - Sandblast             Erth           100%       2d20      1%          1
b - Stone Arrow           Conj/Erth      66%        3d11      3%          3
c - Petrify               Tmut/Erth      36%        N/A       9%          4
d - Animate Armour        Summ/Erth      66%        N/A       11%         4

Your spell library contained the following spells:

 Spells                   Type           Power      Damage    Failure   Level
 Passwall                 Tmut/Erth      30%        N/A       1%          2
 Foxfire                  Conj/Fire      36%        2x1d5     8%          1
 Shock                    Conj/Air       36%        1d5       8%          1
 Swiftness                Air            9%         N/A       22%         3
 Airstrike                Air            4%         N/A       58%         4
 Blade Hands              Tmut           7%         N/A       80%         5
 Iron Shot                Conj/Erth      16%        9d4       85%         6


Dungeon Overview and Level Annotations

Branches:
Dungeon (7/15)             Temple (0/1) D:6

Altars:
Ashenzari
Elyvilon
Fedhas
Gozag
Hepliaklqana
Trog
Vehumet
The Shining One

Shops:
D:3 =   D:5 [


Innate Abilities, Weirdness & Mutations

You are immune to sickness and miasma.
Your stone body is resilient. (AC +7)
You are immune to poison.
You resist negative energy. (rN+)
You are resistant to electric shocks. (rElec)
You are resistant to unholy torment.
You are immune to petrification.


Message History

The orc warrior hits your animated leather armour with a +0 short sword of protection!
Your animated leather armour hits the orc warrior.
Your animated leather armour hits the orc warrior but does no damage.
The orc warrior hits your animated leather armour with a +0 short sword of protection.
Your animated leather armour closely misses the orc warrior.
Your animated leather armour hits the orc warrior but does no damage.
You hit the jelly. The acid corrodes you!
Your hands burn!
* * * LOW HITPOINT WARNING * * *
The jelly is lightly wounded.
The orc warrior hits your animated leather armour with a +0 short sword of protection!
The jelly hits you but does no damage.
Your animated leather armour barely misses the orc warrior.
Your animated leather armour hits the orc warrior but does no damage.
You hit the jelly.
Your hands burn!
* * * LOW HITPOINT WARNING * * *
The jelly is moderately wounded.
The orc warrior hits your animated leather armour with a +0 short sword of protection!
Your animated leather armour is destroyed!
Your animated leather armour disappears in a puff of smoke!
The jelly hits you.
* * * LOW HITPOINT WARNING * * *
You are splashed with acid.
* * * LOW HITPOINT WARNING * * *
Okay, then.
It was a potion of resistance.
You feel protected. The jelly closely misses you. The jelly misses you.
The orc warrior hits you with a +0 short sword of protection!
Elyvilon protects you from harm! The jelly closely misses you.
The orc warrior misses you. The jelly hits you.
* * * LOW HITPOINT WARNING * * *
You are splashed with acid.
You resist. Elyvilon protects you from harm! The jelly completely misses you.
Okay, then.
You feel yourself speed up.
The orc warrior hits you with a +0 short sword of protection!
You die...

.# ..#.......#....##...#..P....#
.# .#.......#....##...#..P....#
#######......#....#....#.......#
##...##......#....#....#.......#
.............#..<.##+###..♣....#
.............#....# ...♣....#
#....##......#....#
#.#####......#..[.#
#............#..@.#
.÷...........#.Jo.#
#......>.....##...#
#.#+###......##...# #o
#.).........# #. #...........#
#. #......###### #. #......#
########


You could see an orc warrior and a jelly.

Vanquished Creatures
  Harold (D:7)
  Pikel (D:4)
  Grinder (D:3)
  Eustachio (D:6)
  A steam dragon (D:7)
  A water moccasin (D:6)
  An orc warrior (D:6)
  An ice beast (D:7)
  A sky beast (D:5)
  A black bear (D:6)
  2 necrophages
  2 ogres (D:5)
  2 phantoms
  A lemure (D:4)
  5 scorpions (D:6)
  A bullfrog (D:7)
  3 water moccasin skeletons
  4 wights (D:6)
  A howler monkey (D:7)
  A bullfrog zombie (D:5)
  A centaur zombie (D:7)
  A jelly (D:6)
  5 orc priests
  3 hounds
  2 bullfrog skeletons
  A gnoll shaman (D:7)
  5 orc wizards
  A scorpion zombie (D:5)
  3 iguanas
  A hound skeleton (D:5)
  3 gnolls (D:3)
  10 adders
  A shadow imp (D:6)
  2 white imps
  An ufetubus (D:4)
  2 worms
  2 dart slugs
  19 orcs
  5 ball pythons
  4 bats
  5 endoplasms
  2 giant cockroaches
  10 goblins
  10 hobgoblins
  5 kobolds
  4 quokkas
  4 frilled lizards
  5 rats
149 creatures vanquished.

Vanquished Creatures (collateral kills)
  A phantom (D:7)
  A jelly (D:7)
2 creatures vanquished.

Vanquished Creatures (others)
  4 fungi (D:2)
  5 toadstools (D:2)
9 creatures vanquished.

Grand Total: 160 creatures vanquished

Notes
Turn   | Place    | Note
-------+----------+-------------------------------------------
     0 | D:1      | ILmort the Gargoyle Earth Elementalist began the quest for
                  | the Orb.
     0 | D:1      | Reached XP level 1. HP: 10/10 MP: 3/3
   918 | D:1      | Reached XP level 2. HP: 15/15 MP: 5/5
  1422 | D:2      | Reached skill level 4 in Earth Magic
  1422 | D:2      | Reached XP level 3. HP: 20/20 MP: 3/6
  1424 | D:2      | Reached skill level 1 in Fighting
  1836 | D:2      | Found a faded altar of an unknown god.
  1853 | D:2      | Got Plato's Collected Works on Ignition
  1943 | D:2      | Reached XP level 4. HP: 18/25 MP: 5/7
  2639 | D:3      | Reached XP level 5. HP: 23/30 MP: 6/9
  2934 | D:3      | Identified the amulet "Egrasof" {RegenMP Int+2}
  3071 | D:3      | Found Jeamoun's One-of-a-Kind Rings.
  3099 | D:3      | Noticed Grinder
  3108 | D:3      | Killed Grinder
  3109 | D:3      | Reached skill level 5 in Earth Magic
  3109 | D:3      | Reached XP level 6. HP: 37/37 MP: 8/11
  3306 | D:4      | Learned a level 3 spell: Stone Arrow
  3319 | D:4      | Found an opulent altar of Gozag.
  3421 | D:4      | Reached XP level 7. HP: 41/41 MP: 9/12
  3425 | D:4      | Noticed Pikel
  3458 | D:4      | Killed Pikel
  3459 | D:4      | Reached skill level 6 in Earth Magic
  3459 | D:4      | Reached XP level 8. HP: 22/48 MP: 8/14
  4709 | D:5      | Entered Level 5 of the Dungeon
  4709 | D:5      | Found Diymn's Antique Armour Shoppe.
  4857 | D:5      | Found a hazy altar of Hepliaklqana.
  4870 | D:5      | Found a blossoming altar of Fedhas.
  5013 | D:5      | Found a white marble altar of Elyvilon.
  5018 | D:5      | Became a worshipper of Elyvilon the Healer
  5076 | D:5      | Reached skill level 5 in Fighting
  5123 | D:5      | Reached skill level 5 in Spellcasting
  5123 | D:5      | Reached skill level 7 in Earth Magic
  5405 | D:5      | Reached XP level 9. HP: 34/55 MP: 15/17
  5626 | D:5      | Found a glowing golden altar of the Shining One.
  5649 | D:6      | Reached skill level 5 in Dodging
  5678 | D:6      | Reached * piety under Elyvilon
  6192 | D:6      | Found a radiant altar of Vehumet.
  6320 | D:6      | Noticed Eustachio
  6324 | D:6      | Killed Eustachio
  6325 | D:6      | Reached skill level 8 in Earth Magic
  6398 | D:6      | Found a staircase to the Ecumenical Temple.
  6518 | D:6      | Found a bloodstained altar of Trog.
  6984 | D:6      | Reached ** piety under Elyvilon
  7171 | D:6      | Learned a level 4 spell: Petrify
  7176 | D:6      | Learned a level 4 spell: Animate Armour
  7441 | D:7      | Reached skill level 9 in Earth Magic
  7677 | D:7      | Found a broken altar of Ashenzari.
  7716 | D:7      | Reached XP level 10. HP: 63/63 MP: 17/19
  7721 | D:7      | Noticed Harold
  8183 | D:7      | Killed Harold
  9108 | D:7      | Elyvilon protects you from harm!
  9111 | D:7      | Elyvilon protects you from harm!
  9116 | D:7      | Slain by an orc warrior

Illustrated notes

Levels and vault maps discovered:
D:1:      denvon_arrival_waterhouse, layout_basic
D:2:      layout_basic, shapermc_ecumenical_altar_rom_forum,
          minmay_gold_behind_fungi, kennysheep_generic_room_2
D:3:      layout_loops_ring, nrook_loot_triangle,
          chequers_serial_rivers_micro_e, amcnicky_mini_pool_small,
          nicolae_shop_unique_rings, uniq_grinder
D:4:      layout_layer_cave, overflow_temple_1_default, uniq_pikel
D:5:      layout_gridville, nicolae_elyvilon_peaceful_grove, tso_oasis_becter,
          nicolae_overflow_squiral, serial_shops, shop, grunt_decor_one_mirror
D:6:      layout_layer_cave, vehumet_altar_wand_db, trog_butcher_becter,
          minmay_temple_entry_from_below_a, uniq_eustachio
D:7:      minmay_the_grid_square_5x5_3x3 [minmay_the_grid_square_5x5_inset,
          minmay_the_grid_square_5x5_checkered_statues,
          minmay_the_grid_square_5x5_tetrominoes,
          minmay_the_grid_square_5x5_trominoes,
          minmay_the_grid_square_5x5_megaprize_crossed,
          minmay_the_grid_square_5x5_broken_cross,
          minmay_the_grid_square_5x5_bridge,
          minmay_the_grid_square_5x5_gyroscope,
          minmay_the_grid_square_5x5_slash], layout_gridville,
          lemuel_tele_altar, nzn_wu_jian_contemplation,
          mainiacjoe_overflow_boulevard, minmay_starry_boxes, uniq_harold

Skill      XL: |  1  2  3  4  5  6  7  8  9 10 |
---------------+-------------------------------+-----
Dodging        | 2 3 4 6 |  6.3
Earth Magic    | 4 5 6 7 9 |  9.5
Fighting       | 1 2 3 4 5 7 |  7.8
Spellcasting   | 3 4 5 6 7 |  7.0
Stealth        | |  2.3
Transmutations | |  0.9

Action                   |  1- 3 |  4- 6 |  7- 9 | 10-12 || total
-------------------------+-------+-------+-------+-------++-------
Melee: Whip              |    39 |    64 |   184 |       ||   287
       Unarmed           |     9 |       |       |       ||     9
       Punch             |       |     2 |     2 |     1 ||     5
       Spear             |       |       |    69 |    82 ||   151
Throw: Dart              |     1 |       |       |       ||     1
 Cast: Sandblast         |    30 |    25 |    50 |    12 ||   117
       Stone Arrow       |       |     4 |     9 |       ||    13
       Animate Armour    |       |       |     1 |     6 ||     7
       Petrify           |       |       |       |     3 ||     3
  Use: Scroll            |       |     4 |     5 |     3 ||    12
       Potion            |       |       |     1 |     4 ||     5
 Stab: Sleeping          |     1 |     3 |     2 |       ||     6
       Invisible         |       |       |     1 |       ||     1
       Distracted        |       |       |       |     2 ||     2
Armor: Robe              |    10 |       |       |       ||    10
       Leather armour    |    14 |    26 |   133 |    33 ||   206
Dodge: Dodged            |    34 |    32 |   190 |    38 ||   294
